 Dungeon Crawl Stone Soup version 0.17.0-26-gececa24 (webtiles) character file.

238 dysrexia the Ruffian (level 6, 0/51 HPs)
             Began as a Hill Orc Monk on Nov 19, 2015.
             Was a Priest of Zin.
             Slain by a centaur (6 damage)
             ... on level 4 of the Dungeon.
             The game lasted 00:15:37 (3208 turns).

dysrexia the Ruffian (Hill Orc Monk)                Turns: 3208, Time: 00:15:37

Health: 0/51       AC:  7    Str: 16      XL:     6   Next: 7%
Magic:  5/7        EV: 12    Int:  9 (11) God:    Zin [***...]
Gold:   105        SH:  0    Dex: 15      Spells: 0 memorised, 5 levels left

rFire  . . .     SeeInvis .       - Unarmed
rCold  . . .     Clarity  .     q - +2 ring mail {rPois}
rNeg   . . .     SustAt   .     (no shield)
rPois  ∞         Gourm    .     (no helmet)
rElec  .         Spirit   .     f - -1 cloak (curse)
rCorr  .         Warding  .     (no gloves)
rMut   .         Stasis   .     (no boots)
MR     .....                    (no amulet)
Stlth  +.........               (no ring)
                                (no ring)

@: vitalised, not resistant to hostile enchantments, very unstealthy
A: no striking features
a: Recite, Vitalisation, Imprison, Donate Gold, Renounce Religion


You were on level 4 of the Dungeon.
You worshipped Zin.
Zin was most pleased with you.
You were not hungry.

You visited 1 branch of the dungeon, and saw 4 of its levels.

You collected 177 gold pieces.
You donated 72 gold pieces to Zin.

Inventory:

Missiles
 i - 21 poisoned needles
 k - 166 stones (quivered)
 n - 5 curare-tipped needles
Armour
 a - a +0 robe
 f - a cursed -1 cloak (worn)
 h - a +0 scale mail
 p - a cursed +0 cloak
 q - a +2 ring mail of poison resistance (worn)
Scrolls
 e - a scroll of amnesia
 j - a scroll of fog
 w - 2 scrolls of identify
Potions
 o - a potion of ambrosia
 u - a potion of poison
Books
 r - a book of Alchemy

   Spells                             Type                      Level
   a - Sublimation of Blood           Necromancy                   2
   b - Ignite Poison                  Fire/Transmutation/Poison    3
   c - Alistair's Intoxication        Transmutation/Poison         4
   d - Condensation Shield            Ice                          4
   e - Petrify                        Transmutation/Earth          4
   f - Irradiate                      Conjuration/Transmutation    5
Comestibles
 b - 3 bread rations
 c - a slice of pizza
 g - a meat ration
 l - a royal jelly
 s - 2 fruits
 x - a beef jerky


   Skills:
 - Level 3.6 Fighting
 - Level 0.2 Armour
 - Level 2.7 Dodging
 - Level 1.5 Stealth
 * Level 7.2 Unarmed Combat
 + Level 2.4 Invocations


You had 5 spell levels left.
You didn't know any spells.

Dungeon Overview and Level Annotations

Branches:
Dungeon (4/15)
 Temple: D:4-7

Altars:
Sif Muna
Vehumet
Xom
Zin
The Shining One

Annotations:
D:4 Blork the orc, Dowan, Duvessa


Message History

Drink which item? (? for menu, Esc to quit)
It was a potion of heal wounds.
You feel much better. The centaur hits you.
* * * LOW HITPOINT WARNING * * *
Drink which item? (? for menu, Esc to quit)
You feel better. The centaur hits you. The centaur barely misses you.
You hit the centaur.
The centaur is severely wounded.
The centaur hits you!
* * * LOW HITPOINT WARNING * * *
Press: ? - help, Dir - move target cursor, f - centaur
Aim: a centaur (severely wounded)
You need more space to imprison the centaur.
Zin grants you divine stamina.
The centaur hits you but does no damage.
The centaur hits you.
* * * LOW HITPOINT WARNING * * *
You barely miss the centaur.
The centaur is severely wounded.
The centaur hits you.
You die...

.##.......###......#
...............[...#
..#####.######.....# ..# #.#
#.....# ..## #.# ##'####
...# #.# #.# ...## #.# #.#
....###.#######.############
##........§...#c@((..((....#
#...##.#####.############[#
#.#.##.# *,* *,* ##e#'##.#
*,* *,* ........# *,* *,*
.......[# *,* *,* ........#
*,* *,* ........#****,*****
*,* ...##...#*,,,,,,,,* *,*


You could see a centaur.

Vanquished Creatures
  A slave (D:4)
  A giant frog skeleton (D:4)
  Terence (D:2)
  A hound skeleton (D:4)
  3 gnolls (D:3)
  7 adders
  An adder skeleton (D:4)
  2 worms
  5 giant geckos
  9 orcs
  4 bats
  4 giant cockroaches
  7 hobgoblins
  3 jackals (D:3)
  7 kobolds
  2 quokkas (D:2)
  3 giant newts
  3 goblins
  4 rats
68 creatures vanquished.

Notes
Turn   | Place    | Note
--------------------------------------------------------------
     0 | D:1      | dysrexia the Hill Orc Monk began the quest for the Orb.
     0 | D:1      | Reached XP level 1. HP: 19/19 MP: 1/1
   246 | D:1      | Reached XP level 2. HP: 24/26 MP: 2/2
   377 | D:1      | Reached skill level 5 in Unarmed Combat
   588 | D:2      | Reached XP level 3. HP: 25/31 MP: 3/3
   765 | D:2      | Found a glowing silver altar of Zin.
   765 | D:2      | Found a glowing golden altar of the Shining One.
   765 | D:2      | Found a radiant altar of Vehumet.
  1086 | D:2      | Reached XP level 4. HP: 37/39 MP: 4/4
  1100 | D:2      | Noticed Terence
  1133 | D:2      | Killed Terence
  1133 | D:2      | Reached skill level 6 in Unarmed Combat
  1551 | D:2      | Became a worshipper of Zin the Law-Giver
  1551 | D:2      | Reached * piety under Zin
  1551 | D:2      | Reached ** piety under Zin
  1555 | D:2      | Donated 55 gold pieces to Zin
  1714 | D:3      | Reached skill level 1 in Invocations
  1714 | D:3      | Reached XP level 5. HP: 15/45 MP: 5/5
  1956 | D:3      | Found a shimmering altar of Xom.
  2242 | D:2      | Reached *** piety under Zin
  2381 | D:3      | Found a faded altar to an unknown god.
  2593 | D:4      | Found a deep blue altar of Sif Muna.
  2622 | D:4      | Noticed Blork the orc
  2754 | D:4      | Noticed a slave
  2779 | D:4      | Killed a slave
  2810 | D:4      | Noticed Duvessa
  2851 | D:4      | Reached skill level 7 in Unarmed Combat
  2923 | D:4      | Reached XP level 6. HP: 46/51 MP: 7/7
  2985 | D:4      | Noticed Dowan
  3192 | D:4      | Noticed a centaur
  3203 | D:4      | Zin protects you from harm!
  3208 | D:4      | Slain by a centaur

Action                   |  1- 3 |  4- 6 || total
-------------------------+-------+-------++-------
Melee: Unarmed           |   106 |   195 ||   301
Throw: Stone             |       |     1 ||     1
Invok: Donate Gold       |       |     1 ||     1
       Recite            |       |     1 ||     1
       Vitalisation      |       |     1 ||     1
  Use: Scroll            |     6 |     5 ||    11
       Potion            |       |     5 ||     5
 Stab: Sleeping          |     2 |       ||     2
  Eat: Chunk             |       |     6 ||     6
       Beef jerky        |       |     1 ||     1
